 Dungeon Crawl Stone Soup version 0.21.0-3-g78d12a8 (webtiles) character file.

101840 Megalobster the Grappler (level 15, -3/145 HPs)
             Began as a Troll Hunter on Jan 15, 2018.
             Was the Champion of Nemelex Xobeh.
             Killed from afar by Frances (40 damage)
             ... with an iron shot
             ... on level 15 of the Dungeon.
             The game lasted 01:51:04 (27586 turns).

Megalobster the Grappler (Troll Hunter)            Turns: 27586, Time: 01:51:05

Health: -3/145     AC: 12    Str: 29    XL:     15   Next: 84%
Magic:  23/23      EV: 14    Int:  7    God:    Nemelex Xobeh [******]
Gold:   2005       SH:  0    Dex: 13    Spells: 13/14 levels left

rFire    . . .     SeeInvis +     - Unarmed
rCold    . . .     Gourm    +   E - +0 shield
rNeg     . . .     Faith    .   w - +4 troll leather armour {Snorg}
rPois    .         Spirit   .   (helmet restricted)
rElec    +         Reflect  +   H - +2 cloak
rCorr    .         Harm     .   (gloves unavailable)
MR       +....                  (boots unavailable)
Stlth    +.........             z - +3 amulet of reflection
HPRegen  1.14/turn              (no ring)
MPRegen  0.18/turn              L - ring of Xoziet Wanui {rElec Str+3 SInv}

@: confused, slowed, glowing, very slow
A: large, unfitting armour, claws 3, deformed body, fast metabolism 3, gourmand,
regeneration 1, shaggy fur 1, tough skin 2
a: Triple Draw, Deal Four, Stack Five, Renounce Religion


You were on level 15 of the Dungeon.
You worshipped Nemelex Xobeh.
Nemelex Xobeh was exalted by your worship.
You were not hungry.

You visited 4 branches of the dungeon, and saw 24 of its levels.
You visited 1 bazaar.

You collected 2338 gold pieces.
You spent 333 gold pieces at shops.

Inventory:

Missiles
 a - 10 large rocks
 d - 7 throwing nets {!f}
 q - 605 stones (quivered)
 P - 4 javelins
 W - 12 tomahawks
Armour
 w - a +4 troll leather armour (worn) {Snorg}
 E - a +0 shield (worn)
 H - a +2 cloak (worn)
Jewellery
 k - a cursed -2 ring of evasion {unknown}
 p - a +3 ring of strength
 z - a +3 amulet of reflection (around neck)
 L - the ring of Xoziet Wanui (right claw) {rElec Str+3 SInv}
   (You found it on level 8 of the Dungeon)

   [ring of strength]

   It affects your strength (+3).
   It insulates you from electricity.
   It lets you see invisible.
 N - an uncursed ring of resist corrosion
Wands
 y - a wand of clouds (5)
 B - a wand of disintegration (14)
 R - a wand of acid (16)
 U - a wand of iceblast (10)
Scrolls
 e - 5 scrolls of identify {@r1}
 g - 5 scrolls of fear
 h - 10 scrolls of remove curse {@r2}
 n - 3 scrolls of fog
 r - 14 scrolls of teleportation
 v - 4 scrolls of blinking
 M - 4 scrolls of enchant weapon
Potions
 i - 2 potions of mutation
 j - 4 potions of agility
 m - 7 potions of heal wounds
 s - 3 potions of berserk rage
 u - 4 potions of might
 x - 8 potions of curing {@q1}
 C - a potion of lignification
 F - 4 potions of flight
 G - 2 potions of ambrosia
 I - 2 potions of resistance
 X - a potion of haste
Miscellaneous
 b - an ornate deck of summoning {drawn: 5}
 c - a plain deck of destruction
 o - an ornate deck of destruction
 t - an ornate deck of escape {drawn: 10}
 A - a legendary deck of summoning {drawn: 3}
 D - an ornate deck of destruction {drawn: 3}
 J - a plain deck of destruction {drawn: 6}
 O - a legendary deck of destruction {drawn: 8}
Comestibles
 f - 46 rations


   Skills:
 + Level 8.8 Fighting
 - Level 8.2 Throwing
 - Level 4.3 Armour
 * Level 9.7 Dodging
 - Level 0.3 Stealth
 + Level 7.5 Shields
 * Level 13.4 Unarmed Combat
 * Level 12.1 Invocations


You had 13 spell levels left.
You knew the following spells:

 Your Spells              Type           Power        Failure   Level  Hunger
a - Apportation           Tloc           #.....       56%         1    ##.....


Dungeon Overview and Level Annotations

Branches:
Dungeon (15/15)            Temple (1/1) D:5            Lair (6/6) D:10
 Shoals (0/4) Lair:3        Snake (0/4) Lair:3        Slime (0/5) Lair:6
    Orc (2/2) D:11            Elf (0/3) Orc:2        Vaults (0/5) D:13
 Depths: D:15

Altars:
Ashenzari
Cheibriados
Dithmenos
Elyvilon
Fedhas
Gozag
Hepliaklqana
Kikubaaqudgha
Makhleb
Nemelex Xobeh
Okawaru
Qazlal
Ru
Sif Muna
Trog
Uskayaw
Vehumet
Wu Jian
Xom
Yredelemnul
Zin
The Shining One
Beogh

Shops:
D:5 (=   D:10 (   D:11 [   Orc:2 ?!:[

Annotations:
D:15 Frances


Innate Abilities, Weirdness & Mutations

You are too large for most types of armour.
You have claws for hands.
Your metabolism is lightning-fast.
You like to eat raw meat.
Your natural rate of healing is unusually fast.
You are covered in fur. (AC +1)
You have very tough skin. (AC +2)
Armour fits poorly on your strangely shaped body.


Message History

* * * LOW HITPOINT WARNING * * *
The faun hits you but does no damage.
A boggart comes into view.
You take 3 damage, and have 38/145 hp.
You are more confused.
You feel invigorated. Frances hits you with a dire flail!
* * * LOW HITPOINT WARNING * * *
The boggart moves out of view.
The faun closely misses you. Frances barely misses you.
The boggart casts a spell.
The boggart blinks!
The faun hits you but does no damage.
A boggart comes into view.
You take 8 damage, and have 30/145 hp.
The boggart shouts!
You mangle Frances!!
Frances is lightly wounded.
Frances mutters in a terrible tongue.
The iron shot hits you!
You die...
Your body disappears without additional glow.

#......#.......
#.###.#####.##.
#.#.#.# #.[..
#.#...#########
###.#.####.......
..#....# #.#####.
#.#....###.# #.
###@#.....##.# #.
##@#####..##.# #.
#c##......##.######
##k#######.##.......
#...##.....#########
#§.§..#.#####
#....D#.....# #####
##...######.# #....
##g## #.#####.##.
..# #.......##.


You could see Frances, a wind drake shaped shifter, a faun and a boggart.

Vanquished Creatures
  An ogre mage (D:12)
  Josephine (D:13)
  3 hydras
  A centaur warrior (D:14)
  3 two-headed ogres
  A queen ant (D:12)
  3 hell knights (D:14)
  Sonja (D:10)
  A sea snake (D:14)
  3 skeletal warriors (D:11)
  An unseen horror (D:12)
  A harpy (Orc:1)
  Pikel (D:5)
  5 orc knights
  A wolf spider (D:12)
  A shining eye (D:11)
  8 ugly things (D:14)
  2 cyclopes
  2 manticores
  A centaur zombie (D:14)
  2 moths of wrath
  3 black mambas
  An eye of devastation (D:15)
  A guardian serpent (D:11)
  2 torpor snails
  Psyche (D:10)
  7 spiny frogs
  3 rime drakes
  A rime drake (shapeshifter) (D:13)
  5 komodo dragons
  An efreet (D:15)
  3 kobold demonologists
  8 meliai
  A merfolk (D:9)
  6 polar bears
  2 trolls
  A hornet (D:13)
  Grinder (D:6)
  9 hippogriffs
  7 blink frogs
  A slime creature (D:12)
  A raiju (Lair:6)
  Sigmund (D:6)
  A spriggan (D:12)
  A shadow (D:15)
  3 wraiths (D:13)
  33 yaks
  5 basilisks
  A human (D:12)
  3 wyverns
  Eustachio (D:6)
  A hungry ghost (D:11)
  4 vampire mosquitoes (D:14)
  An acid dragon (D:11)
  6 wargs
  2 nagas (Lair:3)
  An acid dragon (shapeshifter) (D:15)
  14 hell hounds
  8 water moccasins
  31 orc warriors
  Duvessa (D:6)
  A floating eye (D:14)
  A soldier ant (D:12)
  5 porcupines
  4 sky beasts
  4 phantoms
  4 ice beasts
  8 black bears (Lair:6)
  4 necrophages
  5 ogres
  11 wolves
  7 centaurs
  11 crocodiles
  4 big kobolds
  A wyvern zombie (D:11)
  15 bullfrogs
  Dowan (D:6)
  7 scorpions
  14 killer bees
  4 wights (D:7)
  6 howler monkeys
  3 crimson imps
  2 bullfrog zombies (D:12)
  18 orc priests
  5 jellies
  3 centaur skeletons
  11 hounds
  A bullfrog skeleton (D:6)
  5 iguanas
  15 orc wizards
  9 worker ants
  A bullfrog simulacrum (D:12)
  6 adders
  2 shadow imps
  4 oozes
  3 worms
  4 dart slugs
  5 leopard geckos
  66 orcs
  2 ball pythons
  10 giant cockroaches
  5 goblins
  8 hobgoblins
  7 jackals
  8 quokkas
  A ball python skeleton (D:5)
  7 bats
  6 frilled lizards
  A jackal skeleton (D:8)
  10 kobolds
  A leopard gecko skeleton (D:6)
  2 quokka skeletons (D:5)
  A quokka zombie (D:8)
  6 rats
  A bush (Lair:5)
  A fungus (Lair:4)
  A plant (Lair:5)
584 creatures vanquished.

Vanquished Creatures (collateral kills)
  A deep elf annihilator (D:12)
  Snorg (D:11)
  Harold (Orc:1)
  Erolcha (D:11)
  A hydra (Lair:5)
  A catoblepas (Lair:4)
  A two-headed ogre (D:13)
  Urug (Lair:3)
  A skeletal warrior (D:11)
  A hell knight (D:14)
  A lindwurm (D:13)
  An orc knight (Orc:2)
  2 ugly things (D:14)
  A salamander (shapeshifter) (D:13)
  2 tengu conjurers (D:13)
  5 polar bears (Lair:6)
  A queen bee (Lair:4)
  5 yaks
  A wyvern (D:11)
  A basilisk (Lair:1)
  A soldier ant (D:14)
  9 hell hounds (Lair:6)
  5 water moccasins (Lair:4)
  A porcupine (Lair:3)
  3 black bears (Lair:6)
  5 orc warriors
  A swamp drake (Orc:1)
  A sky beast (D:11)
  5 wolves (Lair:6)
  2 crocodiles
  2 bullfrogs
  9 killer bees (Lair:4)
  A hound (D:12)
  3 orc wizards
  2 river rats
  8 orcs
  A jackal (Orc:1)
89 creatures vanquished.

Vanquished Creatures (others)
  A centaur warrior (D:14)
  An unseen horror (D:14)
  An ugly thing (D:13)
  Maurice (Orc:1)
  A water moccasin (Lair:6)
  2 orc warriors (Orc:2)
  A centaur (D:12)
  A hound (D:13)
  4 orc wizards
  An iguana (D:12)
  A ball lightning (D:13)
  3 orcs (Orc:2)
  A kobold (D:11)
  A rat (Orc:1)
  4 fungi
  33 plants
57 creatures vanquished.

Grand Total: 730 creatures vanquished

Notes
Turn   | Place    | Note
-------+----------+-------------------------------------------
     0 | D:1      | Megalobster the Troll Hunter began the quest for the Orb.
     0 | D:1      | Reached XP level 1. HP: 19/19 MP: 0/0
    58 | D:1      | You fall through a shaft!
    64 | D:2      | Found an ancient bone altar of Kikubaaqudgha.
    96 | D:2      | Reached skill level 1 in Unarmed Combat
   121 | D:1      | Reached XP level 2. HP: 27/27 MP: 1/1
   427 | D:1      | Reached skill level 2 in Unarmed Combat
   494 | D:1      | Reached XP level 3. HP: 33/33 MP: 2/2
  1251 | D:2      | Reached skill level 3 in Unarmed Combat
  1251 | D:2      | Reached XP level 4. HP: 39/41 MP: 3/3
  1588 | D:3      | Found a sparkling altar of Nemelex Xobeh.
  1890 | D:3      | Became a worshipper of Nemelex Xobeh the Trickster
  2004 | D:3      | Received a gift from Nemelex Xobeh
  2099 | D:3      | Found a hazy altar of Hepliaklqana.
  2118 | D:3      | Found an opulent altar of Gozag.
  2416 | D:4      | Noticed an ogre
  2422 | D:4      | Killed an ogre
  2422 | D:4      | Reached skill level 1 in Invocations
  2422 | D:4      | Reached XP level 5. HP: 49/49 MP: 3/5
  2450 | D:4      | Reached * piety under Nemelex Xobeh
  2454 | D:4      | Noticed a phantom
  2480 | D:4      | Killed a phantom
  2480 | D:4      | Reached skill level 4 in Unarmed Combat
  2480 | D:4      | Reached XP level 6. HP: 41/57 MP: 6/6
  2617 | D:5      | Entered Level 5 of the Dungeon
  2660 | D:5      | Found a sacrificial altar of Ru.
  2672 | D:5      | Found Roumn's Jewellery Boutique.
  2675 | D:5      | Received a gift from Nemelex Xobeh
  2720 | D:5      | Noticed a sky beast
  2741 | D:5      | Killed a sky beast
  2883 | D:5      | Got a translucent rapier
  2918 | D:5      | Reached XP level 7. HP: 57/66 MP: 8/8
  2985 | D:5      | Found a staircase to the Ecumenical Temple.
  2991 | Temple   | Entered the Ecumenical Temple
  3156 | D:5      | Found Xurutyg's Antique Weapon Boutique.
  3179 | D:5      | Noticed Pikel
  3188 | D:5      | Killed Pikel
  3188 | D:5      | Reached skill level 5 in Throwing
  3188 | D:5      | Reached skill level 5 in Unarmed Combat
  3188 | D:5      | Reached XP level 8. HP: 67/74 MP: 9/9
  3261 | D:5      | Found a bloodstained altar of Trog.
  3586 | D:6      | Noticed Sigmund
  3593 | D:6      | Killed Sigmund
  3648 | D:6      | Noticed Grinder
  3654 | D:6      | Killed Grinder
  3654 | D:6      | Reached skill level 6 in Unarmed Combat
  3951 | D:6      | Reached ** piety under Nemelex Xobeh
  4055 | D:6      | Noticed Eustachio
  4062 | D:6      | Killed Eustachio
  4182 | D:6      | Noticed Dowan
  4183 | D:6      | Noticed Duvessa
  4188 | D:6      | Reached skill level 5 in Invocations
  4190 | D:6      | Killed Duvessa
  4202 | D:6      | Killed Dowan
  4252 | D:6      | Reached XP level 9. HP: 76/84 MP: 11/11
  4552 | D:7      | Received a gift from Nemelex Xobeh
  4803 | D:7      | Reached skill level 7 in Unarmed Combat
  5697 | D:7      | Reached *** piety under Nemelex Xobeh
  5881 | D:8      | Received a gift from Nemelex Xobeh
  5957 | D:8      | Noticed a two-headed ogre
  5965 | D:8      | Killed a two-headed ogre
  5965 | D:8      | Reached skill level 8 in Unarmed Combat
  5965 | D:8      | Reached XP level 10. HP: 81/93 MP: 12/14
  6028 | D:8      | Got a scorched golden ring
  6053 | D:8      | Identified the ring of Xoziet Wanui {rElec Str+3 SInv} (You found it on level 8 of the Dungeon)
  6173 | D:8      | Found a faded altar of an unknown god.
  6173 | D:8      | Found a shadowy altar of Dithmenos.
  6178 | D:8      | Found a basalt altar of Yredelemnul.
  6180 | D:8      | Found an iron altar of Okawaru.
  6181 | D:8      | Found a faded altar of an unknown god.
  6518 | D:9      | Found a deep blue altar of Sif Muna.
  6528 | D:9      | Found a white marble altar of Elyvilon.
  7040 | D:9      | Received a gift from Nemelex Xobeh
  7177 | D:10     | Entered Level 10 of the Dungeon
  7220 | D:10     | Reached **** piety under Nemelex Xobeh
  7295 | D:10     | Noticed Sonja
  7301 | D:10     | Killed Sonja
  7301 | D:10     | Reached skill level 5 in Fighting
  7301 | D:10     | Reached skill level 5 in Dodging
  7402 | D:10     | Received a gift from Nemelex Xobeh
  7452 | D:10     | Noticed Psyche
  7457 | D:10     | Killed Psyche
  7457 | D:10     | Reached skill level 9 in Unarmed Combat
  7622 | D:10     | Found a staircase to the Lair.
  7960 | D:10     | Found Zonom's Antique Weapon Shop.
  8409 | D:10     | Received a gift from Nemelex Xobeh
  8504 | Lair:1   | Entered Level 1 of the Lair of Beasts
  8547 | Lair:1   | Reached XP level 11. HP: 63/103 MP: 16/16
  8904 | Lair:1   | Reached skill level 1 in Armour
  9129 | Lair:1   | Noticed a five-headed hydra
  9133 | Lair:1   | Killed a five-headed hydra
  9162 | Lair:1   | Received a gift from Nemelex Xobeh
  9695 | Lair:2   | Reached ***** piety under Nemelex Xobeh
  9699 | Lair:2   | Reached skill level 10 in Unarmed Combat
  9731 | Lair:2   | Received a gift from Nemelex Xobeh
 10018 | D:10     | Learned a level 1 spell: Apportation
 10245 | Lair:2   | Reached skill level 1 in Shields
 10287 | Lair:2   | Received a gift from Nemelex Xobeh
 10896 | Lair:3   | Noticed Urug
 10908 | Lair:3   | Killed Urug
 11434 | Lair:3   | Found a staircase to the Shoals.
 11573 | Lair:3   | Found a staircase to the Snake Pit.
 11921 | Lair:4   | Received a gift from Nemelex Xobeh
 12053 | Lair:4   | Reached XP level 12. HP: 87/113 MP: 17/17
 12397 | Lair:4   | Noticed a catoblepas
 12409 | Lair:4   | Killed a catoblepas
 12500 | Lair:4   | Received a gift from Nemelex Xobeh
 13474 | Lair:4   | Reached skill level 11 in Unarmed Combat
 14232 | Lair:5   | Received a gift from Nemelex Xobeh
 14833 | Lair:5   | Noticed an eight-headed hydra
 14846 | Lair:5   | Killed an eight-headed hydra
 14967 | Lair:5   | Reached skill level 10 in Invocations
 15544 | Lair:6   | Entered Level 6 of the Lair of Beasts
 15667 | Lair:6   | Received a gift from Nemelex Xobeh
 15730 | Lair:6   | Found a staircase to the Slime Pits.
 15877 | Lair:6   | Reached skill level 5 in Shields
 16241 | Lair:6   | Received a gift from Nemelex Xobeh
 16623 | Lair:6   | Received a gift from Nemelex Xobeh
 16696 | Lair:6   | Reached ****** piety under Nemelex Xobeh
 16852 | Lair:6   | Reached XP level 13. HP: 123/124 MP: 19/19
 18009 | D:11     | Reached skill level 12 in Unarmed Combat
 18163 | D:11     | Found Weujof's Armour Emporium.
 18163 | D:11     | Found a staircase to the Orcish Mines.
 18242 | D:11     | Gained mutation: Armour fits poorly on your strangely shaped body. [a shining eye]
 18250 | D:11     | Noticed Snorg
 18255 | D:11     | Killed Snorg
 19022 | D:11     | Received a gift from Nemelex Xobeh
 19031 | D:11     | Noticed Erolcha
 19046 | D:11     | Killed Erolcha
 19471 | Orc:1    | Entered Level 1 of the Orcish Mines
 19471 | Orc:1    | Found an iron altar of Okawaru.
 19552 | Orc:1    | Noticed Harold
 19567 | Orc:1    | Killed Harold
 19726 | Orc:2    | Entered Level 2 of the Orcish Mines
 20043 | Orc:2    | Found Gyorph's Distillery.
 20470 | Orc:2    | Found Opaxis's Magic Scroll Emporium.
 20856 | Orc:2    | Bought 2 potions of agility for 112 gold pieces
 20856 | Orc:2    | Bought a potion of agility for 56 gold pieces
 20878 | Orc:2    | Found a gateway to a bazaar.
 20885 | Bazaar   | Entered a bazaar
 20894 | Bazaar   | Found Yheghuo's Antique Armour Shop.
 20907 | Bazaar   | Found Tynner's Gadget Shop.
 20942 | Bazaar   | Bought a dull robe for 165 gold pieces
 20952 | Bazaar   | Identified the cursed +0 robe of a Hundred Souls {rF+ Regen+ MP+9 Int-3} (You bought it in a shop in a bazaar)
 21137 | Orc:2    | Received a gift from Nemelex Xobeh
 21146 | Orc:2    | Found a staircase to the Elven Halls.
 21355 | Orc:2    | Reached XP level 14. HP: 135/135 MP: 21/21
 21496 | Orc:2    | Found a roughly hewn altar of Beogh.
 21697 | Orc:2    | Received a gift from Nemelex Xobeh
 21701 | Orc:2    | Found Roys's Book Emporium.
 21701 | Orc:2    | Found Hagirig's Antique Armour Shop.
 22211 | Orc:1    | Noticed Maurice
 22223 | Orc:1    | Killed Maurice
 22520 | D:12     | Received a gift from Nemelex Xobeh
 22723 | D:12     | Paralysed by an ogre mage for 7 turns
 23006 | D:12     | Received a gift from Nemelex Xobeh
 23858 | D:13     | Received a gift from Nemelex Xobeh
 23898 | D:13     | Noticed Josephine
 23901 | D:13     | Killed Josephine
 23963 | D:13     | Reached XP level 15. HP: 145/145 MP: 22/22
 24790 | D:13     | Received a gift from Nemelex Xobeh
 24969 | D:13     | Reached skill level 13 in Unarmed Combat
 25151 | D:13     | Found a gate to the Vaults.
 25893 | D:14     | Received a gift from Nemelex Xobeh
 26364 | D:14     | Paralysed by a floating eye for 3 turns
 27286 | D:15     | Entered Level 15 of the Dungeon
 27286 | D:15     | Received a gift from Nemelex Xobeh
 27579 | D:15     | Noticed Frances
 27586 | D:15     | Killed from afar by Frances

Skill      XL: |  1  2  3  4  5  6  7  8  9 10 11 12 13 14 15 |
---------------+----------------------------------------------+-----
Unarmed Combat | 1 2 3 4 5 6 8 9 10 11 12 13 | 13.4
Throwing       | 4 5 6 7 8 |  8.2
Invocations    | 1 2 3 5 6 8 9 10 11 12 | 12.1
Fighting       | 2 3 4 5 6 7 8 |  8.8
Dodging        | 2 3 4 5 6 7 9 |  9.7
Armour         | 1 2 4 |  4.3
Shields        | 3 5 6 7 |  7.5
Stealth        | |  0.3

Action                   |  1- 3 |  4- 6 |  7- 9 | 10-12 | 13-15 || total
-------------------------+-------+-------+-------+-------+-------++-------
Melee: Unarmed           |    97 |   110 |   206 |   524 |  1008 ||  1945
       Punch             |       |     1 |    13 |    26 |       ||    40
Throw: Large rock        |       |     2 |     9 |    25 |    28 ||    64
       Stone             |       |     1 |    23 |   157 |   319 ||   500
       Tomahawk          |       |       |     5 |    15 |    22 ||    42
       Javelin           |       |       |       |    52 |    31 ||    83
       Throwing net      |       |       |       |       |     1 ||     1
Invok: Triple Draw       |       |       |       |       |     1 ||     1
Evoke: Deck              |       |       |     1 |    21 |    79 ||   101
  Use: Potion            |       |     1 |     1 |     2 |    14 ||    18
       Scroll            |       |       |    10 |    10 |    10 ||    30
 Stab: Sleeping          |     1 |       |     1 |     1 |     1 ||     4
       Invisible         |       |     2 |       |       |       ||     2
       Distracted        |       |       |     1 |     5 |     1 ||     7
       Petrified         |       |       |       |       |     2 ||     2
       Paralysed         |       |       |       |       |     1 ||     1
  Eat: Chunk             |    17 |    15 |    27 |    99 |    95 ||   253
Armor: Robe              |    42 |    23 |    42 |    83 |    27 ||   217
       Skin              |       |       |       |    12 |       ||    12
       Troll leather arm |       |       |       |       |   120 ||   120
Dodge: Dodged            |    70 |    54 |    43 |   215 |   348 ||   730
Block: Other             |       |       |    14 |    43 |       ||    57
       Reflection        |       |       |     1 |       |    26 ||    27
       Shield            |       |       |       |    60 |   589 ||   649
